 Dungeon Crawl Stone Soup version 0.21.0 (webtiles) character file.

70 Clarigatio the Digger (level 4, -1/24 HPs)
             Began as a Gargoyle Earth Elementalist on Apr 4, 2018.
             Killed from afar by Terence (11 damage)
             ... with a wand of flame (33)
             ... on level 2 of the Dungeon.
             The game lasted 00:22:26 (1828 turns).

Clarigatio the Digger (Gargoyle Earth Elementalist) Turns: 1828, Time: 00:22:27

Health: -1/24      AC:  5    Str: 11    XL:     4   Next: 22%
Magic:  4/7        EV: 12    Int: 17    God:
Gold:   88         SH:  0    Dex: 10    Spells: 3/7 levels left

rFire    . . .     SeeInvis .   j - +0 dagger
rCold    . . .     Gourm    .   (no shield)
rNeg     + . .     Faith    .   c - +0 robe
rPois    ∞         Spirit   .   (no helmet)
rElec    +         Reflect  .   (no cloak)
rCorr    .         Harm     .   (no gloves)
MR       .....                  (no boots)
Stlth    ++........             (no amulet)
HPRegen  0.08/turn              (no ring)
MPRegen  0.10/turn              (no ring)

@: no status effects
A: negative energy resistance 1, electricity resistance, unbreathing,
petrification resistance, rot immunity, AC +3
a: no special abilities


You were on level 2 of the Dungeon.
You were not hungry.

You visited 1 branch of the dungeon, and saw 2 of its levels.

You collected 88 gold pieces.

Inventory:

Hand Weapons
 j - a +0 dagger (weapon)
 o - a +0 whip
 p - a +0 short sword
 s - a cursed -3 whip
Missiles
 b - 50 stones
 k - 9 poisoned needles
 t - 2 throwing nets (quivered)
 x - 19 sling bullets
Armour
 c - a +0 robe (worn)
 g - a +0 ring mail
 i - a +0 shield
 y - a +0 animal skin
 z - a +0 helmet
Scrolls
 f - a scroll of fear {unknown}
 l - a scroll of magic mapping {unknown}
 m - a scroll of enchant armour {unknown}
 u - a scroll of random uselessness {unknown}
 v - a scroll of immolation {unknown}
 w - a scroll of enchant weapon {unknown}
Potions
 a - a potion of curing
 h - a potion of mutation {unknown}
 n - a potion of invisibility {unknown}
 q - a potion of heal wounds {unknown}
 A - a potion of cancellation {unknown}
Books
 e - a book of Geomancy

   Spells                             Type                      Level
   a - Sandblast                      Earth                        1
   b - Passwall                       Transmutation/Earth          2
   c - Stone Arrow                    Conjuration/Earth            3
   d - Petrify                        Transmutation/Earth          4
   e - Lee's Rapid Deconstruction     Earth                        5
Comestibles
 d - 4 rations
 r - 2 chunks of flesh


   Skills:
 + Level 0.1 Fighting
 + Level 2.2 Dodging
 + Level 2.7 Stealth
 + Level 1.4 Unarmed Combat
 + Level 2.4 Spellcasting
 + Level 0.1 Conjurations
   Level 0.7 Transmutations
 + Level 4.2 Earth Magic


You had 3 spell levels left.
You knew the following spells:

 Your Spells              Type           Power        Failure   Level  Hunger
a - Sandblast             Erth           ###...       3%          1    #......
b - Stone Arrow           Conj/Erth      #.....       22%         3    ###....


Dungeon Overview and Level Annotations

Branches:
Dungeon (2/15)

Altars:

Annotations:
D:2 Terence


Innate Abilities, Weirdness & Mutations

You are resistant to torment.
Your stone body is resilient. (AC +3)
You are immune to poison.
You resist negative energy. (rN+)
You are resistant to electric shocks. (rElec)
You can survive without breathing.
You are immune to petrification.
You are immune to rotting.


Message History

Aim: a rat (resting)
Okay, then.
You see here a scroll labeled BYILEN GUNELE.
The helpless rat fails to defend itself.
You puncture the rat!
You kill the rat!
Terence hits you but does no damage.
Found a hunting sling.
Found a stone staircase leading down.
Casting: Stone Arrow
Confirm with . or Enter, or press ? or * to list all spells.
Aiming: Stone Arrow
Press: ? - help, Shift-Dir - straight line, f/p - Terence
Aim: Terence, wielding a hand axe and wearing a glowing ring mail The stone arrow hits Terence.
Terence is heavily wounded.
Terence zaps a wand.
The puff of flame hits you!
It is a wand of flame (33).
Terence shouts, "DIE!!!"
You see here a scroll labeled BYILEN GUNELE.
Terence zaps a wand.
The puff of flame hits you!
You die...

#. ###.#....... ##.##
#.#.#.#### ###...##
#.#.#.#
)......#######.#..#.#
.. ..... ....###...#
#. #.#.# #..#.#### #
#.##.#.# #.#.## #
#^...@.### #.#.# #
#.##.#.@.# #.#.# ##
#....###.#
#.#.#######.
.......#### #.#
#.#......... ###..##
#.# #.....)...<. ....
#.# #######..... #..
#.# ####.# #> #.# #.#
# #.# #.# #.# #.#


You could see Terence.

Vanquished Creatures
  Robin (D:2)
  2 adders (D:2)
  2 worms (D:2)
  A dart slug (D:1)
  A leopard gecko (D:2)
  3 giant cockroaches (D:1)
  5 goblins (D:2)
  8 hobgoblins
  A kobold (D:2)
  4 bats
  4 rats
32 creatures vanquished.

Notes
Turn   | Place    | Note
-------+----------+-------------------------------------------
     0 | D:1      | Clarigatio the Gargoyle Earth Elementalist began the quest for the Orb.
     0 | D:1      | Reached XP level 1. HP: 10/10 MP: 3/3
   444 | D:1      | Reached skill level 4 in Earth Magic
   477 | D:1      | Reached XP level 2. HP: 9/15 MP: 3/5
  1233 | D:2      | Reached XP level 3. HP: 19/19 MP: 4/6
  1242 | D:2      | Reached skill level 1 in Unarmed Combat
  1247 | D:2      | Learned a level 3 spell: Stone Arrow
  1516 | D:2      | Noticed Robin
  1576 | D:2      | Killed Robin
  1576 | D:2      | Reached XP level 4. HP: 14/24 MP: 0/7
  1817 | D:2      | Noticed Terence
  1828 | D:2      | Killed from afar by Terence

Skill      XL: |  1  2  3 |
---------------+----------+-----
Earth Magic    | 4 |  4.2
Dodging        | 2 |  2.2
Unarmed Combat | 1 |  1.4
Fighting       | |  0.1
Stealth        | |  2.7
Spellcasting   | |  2.4
Conjurations   | |  0.1
Transmutations | |  0.7

Action                   |  1- 3 |  4- 6 || total
-------------------------+-------+-------++-------
Melee: Unarmed           |   119 |       ||   119
       Dagger            |    32 |    25 ||    57
 Cast: Sandblast         |    17 |     1 ||    18
       Stone Arrow       |     4 |     2 ||     6
  Use: Potion            |     1 |       ||     1
 Stab: Sleeping          |     3 |     2 ||     5
  Eat: Chunk             |     3 |     1 ||     4
Armor: Robe              |    54 |    15 ||    69
Dodge: Dodged            |   106 |    13 ||   119
